 Seeded DCSS version 0.25.1-2-g60ff931df9 (webtiles) character file.

Game seed: 16822949236002016354 (custom seed)

160 sahdkjhfkaj the Ruffian (level 5, 0/50 HPs)
             Began as a Troll Monk on Oct 25, 2020.
             Slain by a hound (3 damage)
             ... on level 4 of the Dungeon.
             The game lasted 00:00:58 (600 turns).

sahdkjhfkaj the Ruffian (Troll Monk)                 Turns: 600, Time: 00:00:59

Health: 0/50       AC:  6    Str: 20    XL:     5   Next: 17%
Magic:  4/4        EV: 10    Int:  6    God:
Gold:   60         SH:  0    Dex: 12    Spells: 4/4 levels left

rFire    . . .     SeeInvis .     - Unarmed
rCold    . . .     Gourm    +   (no shield)
rNeg     . . .     Faith    .   a - +0 robe
rPois    .         Spirit   .   (helmet restricted)
rElec    .         Reflect  .   (no cloak)
rCorr    .         Harm     .   (gloves unavailable)
MR       .....                  (boots unavailable)
Stlth    ++........             (no amulet)
HPRegen  0.56/turn              (no ring)
MPRegen  0.09/turn              (no ring)

@: no status effects
A: large, unfitting armour, claws 3, fast metabolism 3, gourmand, regeneration
1, shaggy fur 1, tough skin 3
a: no special abilities


You were on level 4 of the Dungeon.
You were near starving.

You visited 1 branch of the dungeon, and saw 4 of its levels.

You collected 60 gold pieces.

Inventory:

Armour
 a - a +0 robe (worn)
Jewellery
 d - an uncursed ring of protection from fire {unknown}
 f - a cursed ring of protection from magic {unknown}
Scrolls
 c - a scroll of random uselessness {!r, unknown}
 e - a scroll of remove curse {!r, unknown}
 g - a scroll of teleportation {!r, unknown}
Comestibles
 b - 4 rations


   Skills:
 - Level 2.4 Fighting
 - Level 2.4 Dodging
 - Level 1.0 Stealth
 + Level 5.9 Unarmed Combat


You had 4 spell levels left.
You didn't know any spells.
Your spell library was empty.

Dungeon Overview and Level Annotations

Branches:
Dungeon (4/15)
 Temple: D:4-7

Altars:
Makhleb
Sif Muna
Wu Jian


Innate Abilities, Weirdness & Mutations

You are too large for most types of armour.
You have claws for hands.
Your metabolism is lightning-fast.
You like to eat raw meat.
Your natural rate of healing is unusually fast.
You are covered in fur. (AC +1)
You have extremely tough skin. (AC +3)


Message History

The hound is heavily wounded.
The hound bites you but does no damage.
The ball python bites you but does no damage.
You miss the hound.
The hound is heavily wounded.
The hound barely misses you.
The ball python bites you but does no damage.
You barely miss the hound.
The hound is heavily wounded.
The hound bites you.
* * * LOW HITPOINT WARNING * * *
The ball python bites you but does no damage.
The hound bites you but does no damage.
Unknown command.
You barely miss the hound.
The hound is heavily wounded.
The ball python bites you.
* * * LOW HITPOINT WARNING * * *
The hound bites you.
You die...

........##.. ...........#
...........# ..........#
..........# ..........##
...........# #
...........########### .#
..............)@.....#..#
........#.....hS.......#
........#..##..........#
.......#...#...........#
########..##...[.......#
#...#.............#
#...#..............
....#..............
##.............


You could see a hound and a ball python.

Vanquished Creatures
  Eustachio (D:4)
  An adder (D:2)
  A bat (D:2)
  A ball python (D:2)
  2 kobolds (D:2)
6 creatures vanquished.

Notes
Turn   | Place    | Note
-------+----------+-------------------------------------------
     0 | D:1      | sahdkjhfkaj the Troll Monk began the quest for the Orb.
     0 | D:1      | Reached XP level 1. HP: 22/22 MP: 0/0
   184 | D:2      | Found an ornate altar of the Wu Jian Council.
   194 | D:2      | Found a shimmering blue altar of Sif Muna.
   359 | D:2      | Found a burning altar of Makhleb.
   389 | D:2      | Reached XP level 2. HP: 22/29 MP: 1/1
   562 | D:4      | Noticed Eustachio
   581 | D:4      | Noticed a crimson imp
   594 | D:4      | Killed Eustachio
   594 | D:4      | Reached skill level 5 in Unarmed Combat
   594 | D:4      | Reached XP level 3. HP: 7/36 MP: 2/2
   594 | D:4      | Reached XP level 4. HP: 9/44 MP: 3/3
   594 | D:4      | Reached XP level 5. HP: 10/50 MP: 4/4
   600 | D:4      | Slain by a hound

Illustrated notes

Levels and vault maps discovered:
D:1:      wheals_arrival_linesprint, layout_basic, minivault_26
D:2:      minmay_door_path, layout_basic, lemuel_round_altar,
          lemuel_doored_altar, lemuel_round_altar
D:3:      cheibrodos_thug_alley, layout_loops_corners, gup_sewer_entry_pipe
D:4:      layout_cave_pods, first_ration, uniq_sigmund, uniq_natasha,
          uniq_crazy_yiuf_cottage, uniq_eustachio, uniq_duvessa

Skill      XL: |  1  2 |
---------------+-------+-----
Unarmed Combat | 5 |  5.9
Fighting       | |  2.4
Dodging        | |  2.4
Stealth        | |  1.0

Action                   |  1- 3 |  4- 6 || total
-------------------------+-------+-------++-------
Melee: Unarmed           |    40 |     6 ||    46
       Punch             |       |     1 ||     1
 Stab: Sleeping          |     1 |       ||     1
  Eat: Chunk             |     1 |       ||     1
Armor: Robe              |    40 |     7 ||    47
Dodge: Dodged            |    58 |     3 ||    61
